 Dungeon Crawl Stone Soup version 0.25-a0-258-g6d7e32a812 (webtiles) character file.

Game seed: 3069840335686408213, levelgen mode: deterministic

926042 floatRand the End of an Era (level 27, -4/232 HPs)
             Began as a Demonspawn Gladiator on Dec 5, 2019.
             Was the Champion of Qazlal.
             Killed by a greater mummy's death curse (26 damage)
             ... on level 1 of the Tomb of the Ancients on Dec 6, 2019.
             The game lasted 02:25:49 (58033 turns).

floatRand the End of an Era (Demonspawn Gladiator) Turns: 58033, Time: 02:25:50

Health: -4/232     AC: 35    Str: 19    XL:     27
Magic:  31/40      EV: 29    Int: 18    God:    Qazlal [******]
Gold:   2991       SH: 32    Dex: 19    Spells: 25/49 levels left

rFire    + + +     SeeInvis .   C - +7 Singing Sword {slice, sonic wave}
rCold    + + .     Gourm    .   F - +2 shield of Resistance {rF+ rC+ MR+}
rNeg     + + .     Faith    .   N - +6 faerie dragon scales {rPois rCorr Slay+6}
rPois    +         Spirit   .   L - +2 hat
rElec    +         Reflect  +   Y - +1 cloak "Ythum" {+Fly rCorr Stlth+}
rCorr    +         Harm     .   q - +2 pair of gloves of Ylasurpha {rElec rF+}
MR       +++++     Clarity  +   (boots unavailable)
Stlth    +.........             g - brooch of Shielding {Reflect SH+8}
HPRegen  6.48/turn              P - ring "Uroprei" {rPois rN+ Int+6}
MPRegen  0.27/turn              S - ring of Fedhas's Favour {MR++ Stlth+}

@: protected from physical damage, repel missiles
A: horns 1, talons 3, iridescent scales 3, clarity, clumsy 1, cold resistance 1,
fire resistance 1, icemail, negative energy resistance 1, poison resistance,
powered by death 3, 50% torment resistance, black mark, freezing cloud immunity,
MP-powered wands
}: 9/15 runes: decaying, serpentine, slimy, silver, demonic, glowing, magical,
fiery, dark
a: Upheaval, Elemental Force, Disaster Area, Renounce Religion, Evoke Flight


You were on level 1 of the Tomb of the Ancients.
You worshipped Qazlal.
Qazlal was exalted by your worship.
You were full.

You visited 12 branches of the dungeon, and saw 55 of its levels.
You visited Pandemonium 2 times, and saw 16 of its levels.
You also visited: Sewer, Gauntlet, Volcano and Wizlab.

You collected 8081 gold pieces.
You spent 5090 gold pieces at shops.

Inventory:

Hand Weapons
 C - the +7 Singing Sword (weapon) {slice, sonic wave}
   (You found it on level 5 of the Dungeon)

   It inflicts extra damage upon your enemies.
Missiles
 d - 6 throwing nets (quivered)
Armour
 n - the +0 helmet "Baalle Oxky" {rN+ Int+2}
   (You acquired it on level 4 of the Snake Pit)

   It affects your intelligence (+2).
   It protects you from negative energy.
 q - the +2 pair of gloves of Ylasurpha (worn) {rElec rF+}
   (You bought it in a shop on level 3 of the Elven Halls)

   It protects you from fire.
   It insulates you from electricity.
 w - the -2 hat of the Duchess {*Contam MR+ Str+8}
   (You acquired it on level 2 of the Depths)

   It affects your strength (+8).
   It affects your resistance to hostile enchantments.
   It causes magical contamination when unequipped.
 F - the +2 shield of Resistance (worn) {rF+ rC+ MR+}
   (You found it on level 3 of the Snake Pit)

   It protects you from fire.
   It protects you from cold.
   It affects your resistance to hostile enchantments.
 L - a +2 hat (worn)
 N - the +6 faerie dragon scales (worn) {rPois rCorr Slay+6}
   (You took it off the Enchantress on level 3 of the Depths)

   It affects your accuracy and damage with ranged weapons and melee attacks
   (+6).
   It protects you from poison.
   It provides partial protection from all sources of acid and corrosion.
 Y - the +1 cloak "Ythum" (worn) {+Fly rCorr Stlth+}
   (You found it in Pandemonium)

   It lets you fly.
   It provides partial protection from all sources of acid and corrosion.
   It makes you more stealthy.
Jewellery
 g - the brooch of Shielding (around neck) {Reflect SH+8}
   (You bought it in a shop on level 1 of the Depths)

   [amulet of reflection]

   It shields you and reflects attacks.
   It affects your SH (+8).
 v - an uncursed ring of see invisible
 P - the ring "Uroprei" (left hand) {rPois rN+ Int+6}
   (You found it in a wizard's laboratory)

   [ring of poison resistance]

   It affects your intelligence (+6).
   It protects you from poison.
   It protects you from negative energy.
 S - the ring of Fedhas's Favour (right hand) {MR++ Stlth+}
   (You bought it in a shop on level 1 of the Elven Halls)

   [ring of stealth]

   It affects your resistance to hostile enchantments.
   It makes you more stealthy.
 W - an uncursed ring of flight
 Z - the macabre finger necklace {rN+}
   (You found it on level 4 of the Depths)

   [amulet of nothing]

   It protects you from negative energy.
Wands
 a - a wand of clouds (10)
 e - a wand of acid (67)
 m - a wand of digging (13)
 B - a wand of iceblast (37)
 R - a wand of paralysis (41)
 U - a wand of flame (77)
Scrolls
 b - 8 scrolls of identify
 c - 8 scrolls of enchant weapon
 i - 7 scrolls of fear
 j - 5 scrolls of blinking
 l - 6 scrolls of amnesia
 s - 35 scrolls of teleportation
 y - 32 scrolls of remove curse
 z - a scroll of brand weapon
 D - 7 scrolls of fog
 E - 2 scrolls of summoning
 J - 9 scrolls of enchant armour
 M - 8 scrolls of magic mapping
 V - 3 scrolls of silence
Potions
 h - 8 potions of heal wounds
 k - 6 potions of flight
 o - 11 potions of haste
 p - 6 potions of agility
 r - 30 potions of curing
 t - 10 potions of might
 u - 9 potions of resistance
 x - 2 potions of mutation
 A - a potion of ambrosia
 G - 2 potions of magic
 H - 9 potions of invisibility
 O - 10 potions of brilliance
 T - 3 potions of berserk rage
Comestibles
 f - 93 rations


   Skills:
 + Level 22.3 Fighting
 - Level 16.6 Long Blades
   Level 6.7 Axes
 - Level 1.7 Throwing
 - Level 19.7 Armour
 + Level 20.7 Dodging
 - Level 15.0 Shields
 + Level 11.8 Spellcasting
 + Level 7.4 Charms
 + Level 11.3 Necromancy
 * Level 17.8 Translocations
 O Level 27 Invocations
 - Level 8.9 Evocations


You had 25 spell levels left.
You knew the following spells:

 Your Spells              Type           Power        Failure   Level  Hunger
a - Blink                 Tloc           N/A          0%          2    None
b - Song of Slaying       Chrm           #####...     1%          2    None
c - Regeneration          Chrm/Necr      #####.....   1%          3    None
d - Controlled Blink      Tloc           N/A          32%         8    #######
e - Lesser Beckoning      Tloc           ######....   0%          3    None
f - Dispersal             Tloc           ######....   1%          6    ######.

Your spell library contained the following spells:

 Spells                   Type           Power        Failure   Level  Hunger
 Apportation              Tloc           ######       0%          1    None
 Gell's Gravitas          Tloc           ######....   0%          3    None
 Animate Skeleton         Necr           N/A          1%          1    None
 Infusion                 Chrm           ####         1%          1    None
 Pain                     Necr           ####         1%          1    None
 Corpse Rot               Necr/Air       N/A          1%          2    None
 Shroud of Golubria       Chrm/Tloc      ######       1%          2    None
 Sublimation of Blood     Necr           ######....   1%          2    None
 Portal Projectile        Hex/Tloc       #####.       1%          3    None
 Recall                   Summ/Tloc      N/A          1%          3    None
 Vampiric Draining        Necr           ######....   1%          3    None
 Animate Dead             Necr           N/A          1%          4    ##.....
 Iskenderun's Mystic Bla  Conj/Tloc      #####...     1%          4    ##.....
 Dispel Undead            Necr           ######..     1%          5    ####...
 Ozocubu's Armour         Chrm/Ice       ###.....     4%          3    None
 Spectral Weapon          Hex/Chrm       ###.....     4%          3    None
 Summon Forest            Summ/Tloc      #####.....   5%          5    ####...
 Confusing Touch          Hex            ##....       8%          1    None
 Corona                   Hex            ##.....      8%          1    None
 Foxfire                  Conj/Fire      ##..         8%          1    None
 Freeze                   Ice            ##..         8%          1    None
 Magic Dart               Conj           ##..         8%          1    None
 Sandblast                Erth           ##....       8%          1    None
 Shock                    Conj/Air       ##..         8%          1    None
 Sting                    Tmut/Pois      ##..         8%          1    None
 Summon Butterflies       Summ           ##......     8%          1    None
 Summon Small Mammal      Summ           ##..         8%          1    None
 Death Channel            Necr           ######....   11%         6    ######.
 Call Imp                 Summ           ##......     12%         2    None
 Ensorcelled Hibernation  Hex/Ice        ##....       12%         2    None
 Passwall                 Tmut/Erth      ##......     12%         2    None
 Poisonous Vapours        Pois/Air       ##....       12%         2    None
 Searing Ray              Conj           ##....       12%         2    None
 Slow                     Hex            ##......     12%         2    None
 Borgnjor's Vile Clutch   Necr/Erth      ####......   21%         5    ####...
 Call Canine Familiar     Summ           ##......     22%         3    None
 Confuse                  Hex            ##......     22%         3    None
 Conjure Flame            Conj/Fire      ##......     22%         3    None
 Dazzling Flash           Conj/Hex       ##....       22%         3    None
 Ignite Poison            Fire/Tmut/Pois ##......     22%         3    None
 Inner Flame              Hex/Fire       ##......     22%         3    None
 Mephitic Cloud           Conj/Pois/Air  ##......     22%         3    None
 Stone Arrow              Conj/Erth      ##....       22%         3    None
 Tukima's Dance           Hex            ##......     22%         3    None
 Disjunction              Tloc           ######....   32%         8    #######
 Iskenderun's Battlesphe  Conj/Chrm      ###.....     41%         5    ####...
 Cause Fear               Hex            ##........   58%         4    ##.....
 Fulminant Prism          Conj/Hex       ##........   58%         4    ##.....
 Hailstorm                Conj/Ice       ##......     58%         4    ##.....
 Leda's Liquefaction      Hex/Erth       ##........   58%         4    ##.....
 Olgreb's Toxic Radiance  Pois           ##......     58%         4    ##.....
 Petrify                  Tmut/Erth      ##......     58%         4    ##.....
 Sticky Flame             Conj/Fire      ##......     58%         4    ##.....
 Summon Ice Beast         Ice/Summ       ##......     58%         4    ##.....
 Simulacrum               Ice/Necr       ####......   75%         6    ######.
 Alistair's Intoxication  Tmut/Pois      ##......     91%         5    ####...
 Bolt of Magma            Conj/Fire/Erth ##........   91%         5    ####...
 Fireball                 Conj/Fire      ##........   91%         5    ####...
 Irradiate                Conj/Tmut      ##........   91%         5    ####...
 Lee's Rapid Deconstruct  Erth           ##........   91%         5    ####...
 Metabolic Englaciation   Hex/Ice        ##........   91%         5    ####...
 Silence                  Hex/Air        ##........   91%         5    ####...
 Summon Demon             Summ           ##........   91%         5    ####...
 Summon Mana Viper        Hex/Summ       ##......     91%         5    ####...
 Yara's Violent Unravell  Hex/Tmut       ##........   91%         5    ####...
 Deflect Missiles         Chrm/Air       ###.......   94%         6    ######.
 Eringya's Noxious Bog    Tmut/Pois      ##........   100%        6    ######.
 Hydra Form               Tmut           ##........   100%        6    ######.
 Invisibility             Hex            ##......     100%        6    ######.
 Iron Shot                Conj/Erth      ##........   100%        6    ######.
 Starburst                Conj/Fire      ##........   100%        6    ######.
 Statue Form              Tmut/Erth      ##.......    100%        6    ######.
 Dragon Form              Tmut           ##........   100%        7    #######
 Spellforged Servitor     Conj/Summ      ##........   100%        7    #######
 Summon Hydra             Summ           ##........   100%        7    #######
 Death's Door             Chrm/Necr      #####.....   100%        8    #######
 Discord                  Hex            ##........   100%        8    #######
 Ignition                 Fire           ##........   100%        8    #######
 Dragon's Call            Summ           ##........   100%        9    #######
 Shatter                  Erth           ##........   100%        9    #######


Dungeon Overview and Level Annotations

Branches:
Dungeon (15/15)            Temple (1/1) D:4            Lair (6/6) D:8
  Swamp (4/4) Lair:2        Snake (4/4) Lair:3        Slime (5/5) Lair:5
    Orc (2/2) D:10            Elf (3/3) Orc:2        Vaults (5/5) D:13
  Crypt (3/3) Vaults:2       Tomb (2/3) Crypt:3      Depths (5/5) D:15
    Zot (0/5) Depths:5      Sewer (visited)         Volcano (visited)
 WizLab (visited)         Gauntlet (visited)

Altars:
Dithmenos
Elyvilon
Fedhas
Gozag
Kikubaaqudgha
Makhleb
Nemelex Xobeh
Okawaru
Qazlal
Ru
Sif Muna
Trog
Uskayaw
Vehumet
Xom
Yredelemnul
Zin
The Shining One

Shops:
D:14 *   Orc:2 !%[}   Elf:1 =   Elf:3 [   Snake:2 ?   Vaults:2 *   Vaults:3 [
Vaults:4 [   Vaults:5 ?%!   Depths:1 ==}   Depths:4 }   Depths:5 *

Portals:
Hell: Depths:1 Depths:2 Depths:3 Depths:4 Depths:5
Abyss: Depths:1 Depths:4
Pandemonium: Orc:2 Depths:2 Depths:3
Ziggurat: Depths:2
Trove: D:14 (give 12 potions of heal wounds)

Annotations:
Lair:4 3 runed translucent doors, Kaimiung's ghost, journeyman MiFi
Snake:4 1 runed translucent door, Kedeq's ghost, journeyman TrMo


Innate Abilities, Weirdness & Mutations

You have claws for feet.
You are completely covered in iridescent scales. (AC +6)
Your flesh is cold resistant. (rC+)
A meltable icy envelope protects you from harm. (AC +0)
You resist negative energy. (rN+)
You regenerate a lot of health from kills.
You are somewhat able to resist unholy torments (1 in 2 success).
Your melee attacks may debilitate your foes.
You are immune to freezing clouds.
You have a pair of small horns on your head.
You possess an exceptional clarity of mind.
You are clumsy. (Dex -2)
Your flesh is heat resistant. (rF+)
Your system is resistant to poisons. (rPois)
You expend magic power (3 MP) to strengthen your wands.


Message History

You slice the greater mummy!! Your kick misses the greater mummy.
You headbutt the greater mummy!
The greater mummy is almost destroyed.
The greater mummy mumbles some strange words.
You slash the greater mummy!
The Singing Sword barks abruptly.
You send a blast of sound all around you.
The reaper, the emperor scorpions and the greater mummy are blasted.
The reaper is moderately wounded.
The emperor scorpion is lightly wounded.
The emperor scorpion is moderately wounded.
The emperor scorpion is lightly wounded.
You destroy the greater mummy!
Qazlal accepts your kill.
The emperor scorpion disappears in a puff of smoke! x3
You destroy the greater mummy!
Qazlal accepts your kill.
You feel extremely nervous for a moment...
You convulse helplessly as pain tears through your body!
You die...

.................................
........†.................††8...8
..:.....†.†................†.....
.........##################......
.........##################.8...8
.........##.............>##......
.........##..............##......
.......(.##############≈.##.8...8
.........##.≈.§2@§..^..≈.##......
.........##§§..○.°°...≈..##......
.........##..##############.8...8
.........##≈ #...... .........#
#...... .........# #.....8
.........# #...... .........#
##'''(' .........#
##############.....(


You could see a reaper.

Vanquished Creatures
  Cerebov (Pan)
  the Royal Jelly (Slime:5)
  Gloorx Vloq (Pan)
  Mnoleg (Pan)
  Lom Lobon (Pan)
  2 ancient liches
  Mara (Swamp:4)
  A juggernaut (Depths:3)
  13 greater mummies
  Boris (Vaults:5)
  Sojobo (Depths:3)
  Saint Roka (Depths:1)
  Xtahua (Vaults:5)
  Margery (Vaults:4)
  5 pandemonium lords (Pan)
  4 golden dragons
  Nikola (Vaults:2)
  the Enchantress (Depths:3)
  Jory (Vaults:4)
  A Hellbinder (WizLab)
  2 bone dragons (Crypt:3)
  4 Brimstone Fiends (Pan)
  8 Tzitzimimeh (Pan)
  A shard shrike skeleton (Crypt:2)
  A hellephant (Pan)
  Rupert (D:13)
  5 Hell Sentinels (Pan)
  4 Ice Fiends (Pan)
  The ghost of Nar Nywk the Tortoise, an adept GrFi of Makhleb (Crypt:2)
  2 deep elf blademasters (Elf:3)
  17 acid blobs
  7 tentacled monstrosities
  5 titans (Vaults:5)
  12 liches
  4 quicksilver dragons
  A deep elf master archer (Elf:3)
  17 Executioners (Pan)
  7 ancient champions
  2 storm dragons
  A sphinx (shapeshifter) (Depths:5)
  12 sphinxes
  Donald (Swamp:4)
  Kirke (D:15)
  6 shadow dragons
  5 thorn hunters
  A warmonger (Pan)
  9 tengu reavers
  5 revenants
  Roxanne (Snake:1)
  2 draconian monks
  16 azure jellies
  8 nagarajas
  9 fire giants
  9 frost giants
  2 iron dragons
  A draconian knight (Depths:4)
  25 balrugs
  12 deep elf sorcerers
  14 vault wardens
  19 cacodemons
  A juggernaut zombie (Crypt:3)
  An angel (Pan)
  11 reapers (Pan)
  Aizul (Depths:1)
  2 draconian shifters (Depths:4)
  3 curse skulls
  9 ghouls
  3 deep elf elementalists
  A draconian stormcaller (Depths:5)
  A draconian scorcher (Depths:4)
  20 ironheart preservers
  25 stone giants
  2 war gargoyles
  2 blood saints
  3 spriggan defenders (Depths:3)
  63 very ugly things
  10 vampire knights
  3 entropy weavers
  10 deep elf demonologists
  6 corrupters (Pan)
  Azrael (Elf:1)
  3 lorocyprocas
  12 deep elf annihilators
  A white draconian (Depths:5)
  3 black suns (Pan)
  A red draconian (Volcano)
  2 yellow draconians (Depths:5)
  A minotaur (Gauntlet)
  4 eidola
  7 mummy priests
  6 jiangshi
  A crystal guardian (Vaults:4)
  13 deep elf death magi
  8 death oozes (Slime:5)
  11 blizzard demons (Pan)
  8 green deaths
  13 fire dragons
  14 ettins
  13 yaktaur captains
  20 naga warriors
  9 rakshasas
  28 vault guards
  4 quicksilver dragon skeletons
  9 hell beasts
  9 great orbs of eyes
  4 monstrous demonspawn (Pan)
  5 deep elf high priests
  31 hydras
  7 spriggan air magi
  14 centaur warriors
  9 ice dragons
  6 catoblepae
  5 death knights
  A ghost crab (Swamp:4)
  6 anacondas
  23 dancing weapons
  5 deep troll shamans
  5 shambling mangroves
  40 death scarabs
  30 two-headed ogres
  20 alligators
  20 ogre magi
  A small abomination (Elf:3)
  13 deep troll earth magi
  7 tengu warriors
  13 vampire magi
  18 naga sharpshooters
  9 death yaks (Lair:6)
  28 deep elf knights
  5 spriggan berserkers
  19 soul eaters
  Urug (D:13)
  4 orc high priests (Orc:2)
  6 titan skeletons
  Nergalle (Lair:1)
  5 hell knights
  62 skeletal warriors
  37 sun demons
  A golden dragon zombie (Depths:3)
  2 storm dragon skeletons
  20 sixfirhies
  A fire crab (shapeshifter) (Vaults:5)
  A death drake (Depths:4)
  9 shadow wraiths
  7 infernal demonspawn
  10 shadow demons
  9 wizards
  A spark wasp zombie (Depths:2)
  An orange crystal statue (Elf:3)
  6 torturous demonspawn
  14 swamp dragons
  37 deep trolls
  A spriggan druid (Swamp:4)
  An unseen horror (shapeshifter) (Depths:3)
  A glowing orange brain (shapeshifter) (Vaults:3)
  8 flayed ghosts
  6 unseen horrors
  6 gelid demonspawn (Pan)
  9 harpies
  5 naga ritualists
  16 ironbrand convokers
  A lindwurm (Depths:4)
  9 glowing orange brains
  An obsidian statue (Tomb:1)
  29 deep elf archers
  9 phantasmal warriors
  A lindwurm (shapeshifter) (Vaults:5)
  19 orc knights
  3 fire giant zombies
  An anaconda skeleton (Crypt:3)
  2 frost giant zombies (D:15)
  2 golden dragon skeletons
  A wolf spider zombie (D:15)
  10 mana vipers
  12 necromancers
  A faun (shapeshifter) (Vaults:4)
  64 ugly things
  An oklob plant (Depths:4)
  3 wolf spiders
  3 tengu skeletons
  5 manticores
  A salamander (shapeshifter) (Vaults:1)
  10 cyclopes
  84 deep elf magi
  5 salamanders
  5 frost giant skeletons
  6 shining eyes
  9 orc sorcerers
  3 elephants (Lair:6)
  A guardian serpent (shapeshifter) (Depths:4)
  2 fire giant skeletons
  3 guardian serpents
  9 rust devils
  3 stone giant skeletons
  2 iron dragon skeletons
  3 dire elephant zombies (Crypt:1)
  2 spiny frogs (shapeshifter)
  7 eyes of devastation
  39 smoke demons
  31 black mambas
  6 gargoyles
  A minotaur zombie (Crypt:2)
  27 naga magi
  12 vault sentinels
  A toenail golem (Pan)
  A molten gargoyle (Volcano)
  6 komodo dragons
  19 orange demons
  8 rime drakes
  A shock serpent skeleton (Pan)
  16 spiny frogs
  3 tormentors (Pan)
  2 dire elephant skeletons
  21 hellions
  5 spectral swamp worms (Depths:1)
  13 freezing wraiths
  A yaktaur (shapeshifter) (Depths:1)
  11 demonic crawlers (Pan)
  59 yaktaurs
  A kobold demonologist (D:8)
  A minotaur skeleton (Crypt:3)
  30 hellwings (Pan)
  A purple draconian skeleton (Crypt:1)
  35 red devils
  6 tengu conjurers
  4 ice devils
  A yaktaur skeleton (Vaults:2)
  2 trolls (shapeshifter)
  2 wind drakes (shapeshifter)
  25 guardian mummies
  3 harpy skeletons
  3 meliai (D:14)
  2 catoblepas skeletons
  8 trolls
  4 polar bears
  2 jumping spiders (shapeshifter)
  A meliai (shapeshifter) (Depths:2)
  2 spriggan zombies
  22 hornets
  5 hippogriffs
  A moth of wrath zombie (Crypt:3)
  16 blink frogs
  9 tyrant leeches
  14 bog bodies
  A meliai zombie (Crypt:1)
  7 dream sheep
  2 hippogriffs (shapeshifter)
  87 slime creatures
  Prince Ribbit (D:5)
  A blink frog (shapeshifter) (Vaults:4)
  16 large abominations (Pan)
  2 ettin zombies
  An air elemental (Elf:3)
  A fire dragon skeleton (Crypt:3)
  5 redbacks
  6 water elementals
  6 spriggans
  4 shadows
  An ice dragon skeleton (Crypt:3)
  A tarantella (shapeshifter) (Vaults:2)
  16 flying skulls
  3 ettin skeletons
  A tarantella (Vaults:3)
  56 yaks
  5 vampires
  9 ynoxinuls
  4 hogs (D:15)
  7 wyverns
  15 humans (D:13)
  8 wraiths
  A wyvern (shapeshifter) (Depths:2)
  9 fire bats
  14 golden eyes
  6 basilisks
  2 yaks (shapeshifter)
  4 fire elementals
  6 ushabtiu
  A black mamba skeleton (Pan)
  28 neqoxecs
  18 chaos spawn
  A human (shapeshifter) (Vaults:1)
  3 hungry ghosts
  26 vampire mosquitoes
  An infernal demonspawn zombie (Crypt:3)
  10 insubstantial wisps (Swamp:2)
  A swamp worm (shapeshifter) (Vaults:5)
  7 wargs
  A naga (shapeshifter) (Vaults:2)
  2 acid dragons
  56 nagas
  2 soldier ants
  11 swamp worms
  3 hell hounds (Elf:1)
  14 porcupines
  15 water moccasins
  A water moccasin (shapeshifter) (Elf:2)
  Duvessa (D:6)
  3 human skeletons (Vaults:2)
  3 floating eyes
  2 merfolk skeletons
  A meliai simulacrum (D:13)
  7 ice beasts
  2 hornet zombies (D:15)
  22 swamp drakes
  6 sky beasts
  A black bear (shapeshifter) (Vaults:4)
  2 human zombies (Vaults:1)
  2 elf simulacra (Depths:3)
  2 black bears
  A manticore zombie (Crypt:1)
  An ettin simulacrum (Crypt:1)
  50 orc warriors
  7 necrophages
  3 phantoms
  A sky beast (shapeshifter) (D:14)
  6 eyes of draining
  2 snapping turtle zombies
  9 wolves (Lair:3)
  5 boggarts
  50 ogres
  21 centaurs
  3 snapping turtle skeletons
  A swamp dragon skeleton (Crypt:3)
  10 crocodiles
  A hippogriff zombie (Crypt:3)
  9 big kobolds
  17 bullfrogs
  8 earth elementals
  Dowan (D:6)
  A wyvern skeleton (Crypt:1)
  A water moccasin skeleton (D:7)
  12 scorpions
  A cyclops skeleton (Crypt:3)
  12 killer bees
  6 howler monkeys
  5 wights (Crypt:1)
  2 electric eels (Lair:5)
  14 crimson imps
  6 lava snakes (Volcano)
  8 centaur zombies
  2 quasits
  2 bullfrog zombies
  A wolf skeleton (Crypt:2)
  5 jellies
  26 orc priests
  A bullfrog skeleton (D:4)
  3 hounds
  An iguana (shapeshifter) (Vaults:2)
  2 iron imps (Depths:2)
  A basilisk skeleton (Crypt:3)
  3 centaur skeletons
  8 iguanas
  19 orc wizards
  6 hell rats
  14 worker ants
  A demigod zombie (Crypt:2)
  A sky beast zombie (Crypt:3)
  An ogre zombie (Crypt:2)
  A big kobold zombie (Crypt:2)
  A crocodile skeleton (Crypt:2)
  An ogre skeleton (Crypt:3)
  2 hound zombies (D:9)
  A demigod skeleton (Crypt:1)
  2 hound skeletons
  20 mummies
  A howler monkey zombie (D:7)
  3 worker ant zombies
  4 gnolls (D:3)
  A howler monkey skeleton (D:10)
  16 adders
  13 river rats
  4 shadow imps
  2 ufetubi (Depths:2)
  7 oozes
  2 adder skeletons
  11 worms
  5 dart slugs
  4 leopard geckos
  85 orcs
  7 bats
  7 giant cockroaches
  6 goblins
  14 hobgoblins
  11 jackals
  21 kobolds
  7 quokkas
  3 ball pythons
  7 frilled lizards
  3 giant cockroach zombies
  A goblin skeleton (Crypt:2)
  2 goblin zombies (D:8)
  4 hobgoblin zombies (D:8)
  2 jackal skeletons
  4 kobold skeletons
  A kobold zombie (D:8)
  2 orc skeletons
  2 orc zombies (D:8)
  18 rats
  49 briar patches
  2 crawling corpses (Elf:3)
  45 fungi
  30 plants
  6 withered plants (D:15)
3499 creatures vanquished.

Vanquished Creatures (others)
  Bai Suzhen (Vaults:5)
  2 eldritch tentacles (Pan)
  A shadow dragon (Vaults:5)
  A nagaraja (Snake:4)
  A deep elf sorcerer (Elf:3)
  A cacodemon (Pan)
  A white draconian (Depths:5)
  A rakshasa (Pan)
  3 yaktaur captains (Vaults:5)
  A dancing weapon (Elf:2)
  2 naga sharpshooters
  A deep elf knight (Elf:3)
  A glowing orange brain (Vaults:1)
  A naga ritualist (Snake:4)
  A wizard (Pan)
  An orc knight (Vaults:4)
  A deep elf mage (Elf:2)
  A necromancer (Crypt:1)
  A salamander (Snake:3)
  2 slime creatures
  2 yaktaurs (Vaults:5)
  A guardian mummy (Tomb:1)
  A blink frog (Lair:5)
  A basilisk (Lair:5)
  A human (D:13)
  An orc warrior (Vaults:3)
  A centaur (Vaults:1)
  An ogre (Vaults:1)
  An orc wizard (Orc:1)
  8 ball lightnings (Pan)
  2 jackals (D:1)
  A rat (D:1)
  3 briar patches (Swamp:2)
  13 fungi
  12 plants
74 creatures vanquished.

Grand Total: 3573 creatures vanquished

Notes
Turn   | Place    | Note
-------+----------+-------------------------------------------
     0 | D:1      | floatRand the Demonspawn Gladiator began the quest for the
                  | Orb.
     0 | D:1      | Reached XP level 1. HP: 16/16 MP: 1/1
   148 | D:1      | Gained mutation: Your flesh is cold resistant. (rC+)
                  | [demonic ancestry]
   148 | D:1      | Reached XP level 2. HP: 22/22 MP: 2/2
   205 | D:1      | You fall into a shaft and drop 1 floor!
   342 | D:2      | Gained mutation: You regenerate a little health from kills.
                  | [demonic ancestry]
   342 | D:2      | Reached XP level 3. HP: 23/27 MP: 3/3
  1018 | D:2      | Reached XP level 4. HP: 33/33 MP: 4/4
  2047 | D:2      | Reached skill level 5 in Axes
  2144 | D:3      | Reached XP level 5. HP: 38/38 MP: 5/5
  2909 | D:4      | Gained mutation: You have sharp toenails. [demonic
                  | ancestry]
  2909 | D:4      | Reached XP level 6. HP: 30/44 MP: 6/6
  3034 | D:4      | Found a staircase to the Ecumenical Temple.
  3047 | Temple   | Entered the Ecumenical Temple
  3074 | Temple   | Became a worshipper of Qazlal Stormbringer
  3279 | D:4      | Reached skill level 1 in Invocations
  3521 | D:4      | Found a shimmering altar of Xom.
  3524 | D:4      | Found an ancient bone altar of Kikubaaqudgha.
  3527 | D:4      | Found a sparkling altar of Nemelex Xobeh.
  3606 | D:4      | Reached skill level 2 in Invocations
  3606 | D:4      | Gained mutation: You regenerate health from kills. [demonic
                  | ancestry]
  3606 | D:4      | Reached XP level 7. HP: 32/51 MP: 8/8
  3843 | D:5      | Entered Level 5 of the Dungeon
  3867 | D:5      | Noticed Prince Ribbit
  3970 | D:5      | Reached skill level 3 in Invocations
  4014 | D:5      | Found the +7 Singing Sword {slice, sonic wave}
  4055 | D:5      | Reached * piety under Qazlal
  4264 | D:5      | Reached skill level 1 in Long Blades
  4357 | D:5      | Found a glowing drain.
  4365 | Sewer    | Entered a sewer
  4497 | Sewer    | Reached skill level 4 in Invocations
  4498 | Sewer    | Reached XP level 8. HP: 59/60 MP: 9/11
  4534 | Sewer    | Reached ** piety under Qazlal
  5044 | D:5      | Killed Prince Ribbit
  5044 | D:5      | Reached skill level 5 in Invocations
  5245 | D:5      | Found a radiant altar of Vehumet.
  5452 | D:6      | Found a shimmering blue altar of Sif Muna.
  5636 | D:6      | Found a sacrificial altar of Ru.
  5761 | D:6      | Reached skill level 5 in Fighting
  5761 | D:6      | Reached skill level 5 in Dodging
  5761 | D:6      | Reached XP level 9. HP: 44/68 MP: 13/13
  5762 | D:6      | Noticed Duvessa
  5765 | D:6      | Noticed Dowan
  5772 | D:6      | Killed Duvessa
  5772 | D:6      | Reached skill level 6 in Invocations
  5773 | D:6      | Killed Dowan
  5773 | D:6      | Reached skill level 5 in Long Blades
  6552 | D:7      | Reached *** piety under Qazlal
  7017 | D:7      | Reached skill level 7 in Invocations
  7177 | D:8      | Found a staircase to the Lair.
  7179 | D:8      | Noticed a two-headed ogre
  7183 | D:8      | Killed a two-headed ogre
  7183 | D:8      | Gained mutation: You are partially covered in iridescent
                  | scales. (AC +2) [demonic ancestry]
  7183 | D:8      | Reached XP level 10. HP: 77/77 MP: 10/15
  7196 | D:8      | Reached skill level 8 in Invocations
  7294 | D:8      | Found a glowing golden altar of the Shining One.
  7715 | D:9      | Reached **** piety under Qazlal
  7785 | D:9      | Noticed a two-headed ogre
  7794 | D:9      | Killed a two-headed ogre
  7832 | D:9      | Reached skill level 9 in Invocations
  8474 | D:10     | Entered Level 10 of the Dungeon
  8515 | D:10     | Noticed a gargoyle
  8520 | D:10     | Killed a gargoyle
  8545 | D:10     | Reached XP level 11. HP: 63/84 MP: 16/18
  9014 | D:10     | Found a staircase to the Orcish Mines.
  9056 | D:11     | Noticed an eight-headed hydra
  9061 | D:11     | Killed an eight-headed hydra
  9111 | D:11     | Reached skill level 10 in Invocations
  9111 | D:11     | Reached ***** piety under Qazlal
  9408 | D:11     | Noticed a white ugly thing
  9413 | D:11     | Killed a white ugly thing
  9842 | D:11     | Killed an unseen horror
 10093 | D:12     | Killed an unseen horror
 10094 | D:12     | Reached skill level 11 in Invocations
 10130 | D:12     | Reached XP level 12. HP: 95/95 MP: 20/20
 10228 | D:12     | Reached skill level 10 in Long Blades
 10836 | Lair:1   | Entered Level 1 of the Lair of Beasts
 11129 | Lair:1   | Noticed an eight-headed hydra
 11133 | Lair:1   | Killed a nine-headed hydra
 11156 | Lair:1   | Noticed Nergalle
 11165 | Lair:1   | Killed Nergalle
 12004 | Lair:2   | Found a white marble altar of Elyvilon.
 12276 | Lair:2   | Noticed a seven-headed hydra
 12282 | Lair:2   | Killed a seven-headed hydra
 12282 | Lair:2   | Reached skill level 12 in Invocations
 12572 | Lair:2   | Noticed a seven-headed hydra
 12585 | Lair:2   | Killed a seven-headed hydra
 12827 | Lair:2   | Found a staircase to the Swamp.
 13017 | Lair:3   | Reached skill level 10 in Fighting
 13078 | Lair:3   | Noticed an eight-headed hydra
 13086 | Lair:3   | Killed an eight-headed hydra
 13188 | Lair:3   | Found a staircase to the Snake Pit.
 13325 | Lair:3   | Gained mutation: You have razor-sharp toenails. [demonic
                  | ancestry]
 13325 | Lair:3   | Reached XP level 13. HP: 104/104 MP: 22/22
 13743 | Lair:4   | Reached skill level 10 in Dodging
 13743 | Lair:4   | Reached skill level 13 in Invocations
 13791 | Lair:4   | Found a runed translucent gate.
 13791 | Lair:4   | Found a runed translucent gate.
 13791 | Lair:4   | Found a runed translucent gate.
 13792 | Lair:4   | Noticed Kaimiung's ghost (journeyman MiFi)
 13795 | Lair:4   | Noticed a minotaur
 14457 | Lair:5   | Found a staircase to the Slime Pits.
 15197 | Lair:6   | Entered Level 6 of the Lair of Beasts
 15211 | Lair:6   | Reached skill level 14 in Invocations
 15276 | Lair:6   | Found a dark tunnel.
 15281 | Volcano  | Entered a volcano
 15347 | Volcano  | Found a radiant altar of Vehumet.
 15348 | Volcano  | Noticed a red draconian
 15354 | Volcano  | Reached ****** piety under Qazlal
 15371 | Volcano  | Killed a red draconian
 15371 | Volcano  | Reached XP level 14. HP: 57/114 MP: 11/24
 15471 | Volcano  | Found the +2 pair of boots of the Assassin {Detection Stab+
                  | Stlth++}
 16794 | D:13     | Found a gate to the Vaults.
 16794 | D:13     | Noticed Rupert
 16794 | D:13     | Noticed Urug
 16797 | D:13     | Killed Rupert
 16797 | D:13     | Reached skill level 15 in Invocations
 16806 | D:13     | Killed Urug
 16986 | D:13     | Identified the +3 battleaxe of Evisceration {protect, rElec
                  | Stlth+}
 17414 | D:13     | Gained mutation: You have claws for feet. [demonic
                  | ancestry]
 17414 | D:13     | Reached XP level 15. HP: 122/122 MP: 26/26
 17920 | D:14     | Reached skill level 16 in Invocations
 18021 | D:14     | Found an opulent altar of Gozag.
 18049 | D:14     | Found Gozag's Platinum Reserve.
 18204 | D:14     | Found a portal to a secret trove of treasure.
 18932 | D:15     | Entered Level 15 of the Dungeon
 18934 | D:15     | Noticed Kirke
 18940 | D:15     | Killed Kirke
 19385 | D:15     | Found a sacrificial altar of Ru.
 19513 | D:15     | Reached skill level 17 in Invocations
 19524 | D:15     | Gained mutation: You resist negative energy. (rN+) [demonic
                  | ancestry]
 19524 | D:15     | Reached XP level 16. HP: 132/132 MP: 28/28
 19530 | D:15     | Found a staircase to the Depths.
 19904 | Orc:1    | Entered Level 1 of the Orcish Mines
 20131 | Orc:2    | Entered Level 2 of the Orcish Mines
 20176 | Orc:2    | Found a gate leading to a gauntlet.
 20190 | Gauntlet | Entered a Gauntlet
 20190 | Gauntlet | Found a transporter.
 20190 | Gauntlet | Found a transporter.
 20190 | Gauntlet | Found a transporter.
 20194 | Gauntlet | Found a transporter.
 20195 | Gauntlet | Found a transporter.
 20203 | Gauntlet | Found a transporter.
 20205 | Gauntlet | Found a transporter.
 20223 | Gauntlet | Found a transporter.
 20224 | Gauntlet | Found a transporter.
 20316 | Gauntlet | Found a transporter.
 20361 | Gauntlet | Found a transporter.
 20386 | Gauntlet | Found a transporter.
 20487 | Gauntlet | Got a spiked cloak
 20488 | Gauntlet | Identified the +1 cloak of Yrybbe Ysexi {rElec rF- SInv}
                  | (You found it in a Gauntlet)
 20572 | Gauntlet | Identified the +7 chain mail "Eddom" {rCorr SInv}
 20614 | Gauntlet | Got a smoking cloak
 20623 | Gauntlet | Identified the cursed +0 cloak of the Arcane {+Inv Str-4
                  | Slay+3} (You found it in a Gauntlet)
 20698 | Orc:2    | Found Yray's Food Shoppe.
 20703 | Orc:2    | Found Soigastra's Food Emporium.
 20791 | Orc:2    | Found a staircase to the Elven Halls.
 21247 | Orc:2    | Found Sinow's Distillery.
 21497 | Orc:2    | Found Wehonir's Gadget Shop.
 21497 | Orc:2    | Found a one-way gate leading to the halls of Pandemonium.
 21497 | Orc:2    | Found Cisepn's Antique Armour Boutique.
 21497 | Orc:2    | Paralysed by an orc sorcerer for 5 turns
 21536 | Orc:2    | Bought a distressingly furry leather armour for 147 gold
                  | pieces
 21536 | Orc:2    | Bought an ancient scale mail for 189 gold pieces
 21536 | Orc:2    | Bought a runed cloak for 157 gold pieces
 21538 | Orc:2    | Identified the cursed +0 leather armour of the Camelopard
                  | {rC+ rN+ Dex+5} (You bought it in a shop on level 2 of the
                  | Orcish Mines)
 21755 | Swamp:1  | Entered Level 1 of the Swamp
 21786 | Swamp:1  | Paralysed by a hornet for 1 turns
 21864 | Swamp:1  | Paralysed by a hornet for 1 turns
 21865 | Swamp:1  | Reached skill level 1 in Armour
 21865 | Swamp:1  | Noticed a thorn hunter
 21880 | Swamp:1  | Killed a thorn hunter
 22521 | Swamp:1  | Identified the +4 scale mail of the Tuna {+Fly Str+3 Int-3}
                  | (You bought it in a shop on level 2 of the Orcish Mines)
 22539 | Swamp:2  | Reached skill level 18 in Invocations
 22712 | Swamp:2  | You fall into a shaft and drop 1 floor!
 22973 | Swamp:3  | Reached XP level 17. HP: 62/140 MP: 30/30
 22975 | Swamp:3  | Reached skill level 5 in Armour
 22975 | Swamp:3  | Reached skill level 1 in Shields
 23644 | Swamp:4  | Entered Level 4 of the Swamp
 23671 | Swamp:4  | Noticed Mara
 23679 | Swamp:4  | Identified the cursed +0 shield "Oshrou" {Regen+ MP+9
                  | Dex+2}
 23679 | Swamp:4  | Noticed Donald
 23680 | Swamp:4  | Noticed floatRand's illusion
 23680 | Swamp:4  | Killed Mara
 23687 | Swamp:4  | Killed Donald
 23701 | Swamp:4  | Reached skill level 19 in Invocations
 23932 | Swamp:4  | Reached skill level 5 in Shields
 24214 | Swamp:4  | Got a decaying rune of Zot
 24709 | Vaults:1 | Entered Level 1 of the Vaults
 24751 | Vaults:1 | Gained mutation: You are immune to freezing clouds.
                  | [demonic ancestry]
 24751 | Vaults:1 | Reached XP level 18. HP: 139/148 MP: 31/31
 24966 | Vaults:1 | Reached skill level 20 in Invocations
 25053 | Vaults:1 | Found a flickering gateway to a bazaar.
 26344 | Vaults:2 | Reached skill level 10 in Armour
 26415 | Vaults:2 | Found Okuurry's General Store.
 26422 | Vaults:2 | Bought a scroll of torment for 112 gold pieces
 26737 | Vaults:2 | Noticed Nikola
 26757 | Vaults:2 | Killed Nikola
 26838 | Vaults:2 | Reached skill level 21 in Invocations
 27069 | Vaults:2 | Gained mutation: You are somewhat able to resist unholy
                  | torments (1 in 2 success). [demonic ancestry]
 27069 | Vaults:2 | Reached XP level 19. HP: 154/154 MP: 33/33
 27196 | Vaults:3 | Found Cenep's Antique Armour Shoppe.
 27220 | Vaults:3 | Bought a translucent scale mail for 252 gold pieces
 27220 | Vaults:3 | Identified the +4 scale mail "Ughunt" {rC++} (You bought it
                  | in a shop on level 3 of the Vaults)
 27326 | Vaults:3 | Reached skill level 10 in Shields
 27397 | Vaults:3 | Found a magical portal.
 27528 | WizLab   | Gained mutation: You occasionally shout uncontrollably at
                  | your foes. [a cacodemon]
 27533 | WizLab   | Got a faintly glowing bronze ring
 27541 | WizLab   | Gained mutation: You are weak. (Str -2) [a cacodemon]
 27578 | WizLab   | Identified the +1 lajatang "Saticw" {vamp, MP+9 Str-4
                  | Dex+4}
 27578 | WizLab   | Noticed Luejap Ynly
 27583 | WizLab   | Killed Luejap Ynly the Hellbinder
 27776 | WizLab   | Got a brightly glowing iron ring
 27800 | WizLab   | Got a bound marble ring
 27801 | WizLab   | Identified Ugguoq's Tome of Summoning
 27823 | WizLab   | Identified the ring "Hafiexio" {Fire MR+ Int+4} (You found
                  | it in a wizard's laboratory)
 27824 | WizLab   | Identified the ring "Hennaurr" {rPois MR+ Dex+2 Stlth-}
                  | (You found it in a wizard's laboratory)
 27827 | WizLab   | Identified the ring "Uroprei" {rPois rN+ Int+6} (You found
                  | it in a wizard's laboratory)
 27831 | WizLab   | Found a burning altar of Makhleb.
 28043 | Vaults:3 | Reached skill level 22 in Invocations
 28910 | Vaults:4 | Reached XP level 20. HP: 124/161 MP: 35/35
 28975 | Vaults:4 | Paralysed by an orc sorcerer for 6 turns
 29221 | Vaults:4 | Identified the +4 plate armour of Gluttony {Str-5 Int+6
                  | Dex+7} (You found it on level 4 of the Vaults)
 29444 | Vaults:4 | Reached skill level 23 in Invocations
 29477 | Vaults:4 | Noticed Margery
 29491 | Vaults:4 | Killed Margery
 29800 | Vaults:4 | Noticed Jory
 29815 | Vaults:4 | Killed Jory
 29903 | Vaults:4 | Found Ojee's Antique Armour Emporium.
 29911 | Vaults:4 | Bought a pair of fine gloves for 465 gold pieces
 29911 | Vaults:4 | Identified the cursed +0 pair of gloves "Cefoe" {Str+4}
                  | (You bought it in a shop on level 4 of the Vaults)
 30517 | Elf:1    | Entered Level 1 of the Elven Halls
 30568 | Elf:1    | Noticed Azrael
 30580 | Elf:1    | Killed Azrael
 30638 | Elf:1    | Found Kuachefil's Jewellery Emporium.
 30645 | Elf:1    | Bought the ring of Fedhas's Favour {MR++ Stlth+} for 427
                  | gold pieces
 30793 | Elf:1    | Gained mutation: You are mostly covered in iridescent
                  | scales. (AC +4) [demonic ancestry]
 30793 | Elf:1    | Reached XP level 21. HP: 150/167 MP: 36/36
 30962 | Elf:1    | Identified Xopeklau's Tome of Battle Magic
 31168 | Elf:1    | You fall into a shaft and drop 1 floor!
 31356 | Elf:2    | Found a runed translucent gate.
 31356 | Elf:2    | Found a runed translucent gate.
 31357 | Elf:2    | Found a runed translucent gate.
 31541 | Elf:2    | Reached skill level 15 in Fighting
 31604 | Elf:2    | Reached skill level 24 in Invocations
 32562 | Elf:3    | Entered Level 3 of the Elven Halls
 32729 | Elf:3    | Found Vunogyibb's Antique Armour Boutique.
 32737 | Elf:3    | Bought a pair of spiked gloves for 247 gold pieces
 32737 | Elf:3    | Identified the +2 pair of gloves of Ylasurpha {rElec rF+}
                  | (You bought it in a shop on level 3 of the Elven Halls)
 32751 | Elf:3    | Bought an embroidered cloak for 195 gold pieces
 33007 | Elf:3    | Reached XP level 22. HP: 164/176 MP: 38/38
 33118 | Elf:3    | Identified the Handbook of Excruciating Summoning
 33700 | Elf:3    | Upgraded the game from 0.25-a0-253-g6f1b5d974a to
                  | 0.25-a0-258-g6d7e32a812
 33948 | Depths:1 | Entered Level 1 of the Depths
 33986 | Depths:1 | Found a one-way gate to the infinite horrors of the Abyss.
 34067 | Depths:1 | Reached skill level 25 in Invocations
 34141 | Depths:1 | Found a gateway to Hell.
 34175 | Depths:1 | Identified a scroll of acquirement
 34301 | Depths:1 | Noticed Aizul
 34316 | Depths:1 | Killed Aizul
 34332 | Depths:1 | Noticed Saint Roka
 34346 | Depths:1 | Killed Saint Roka
 34678 | Depths:1 | Found Nyneelup's Gadget Shop.
 34678 | Depths:1 | Found Uplos's Jewellery Shoppe.
 34679 | Depths:1 | Found Xel Qyeh's Jewellery Shoppe.
 35159 | Depths:2 | Found a gateway to a ziggurat.
 35163 | Depths:2 | Noticed a golden dragon
 35174 | Depths:2 | Killed a golden dragon
 35174 | Depths:2 | Reached skill level 15 in Armour
 35216 | Depths:2 | Paralysed by a floating eye for 2 turns
 35248 | Depths:2 | Got a dazzling hat
 35523 | Depths:2 | Gained mutation: Your melee attacks may debilitate your
                  | foes. [demonic ancestry]
 35523 | Depths:2 | Reached XP level 23. HP: 165/184 MP: 39/39
 35532 | Depths:2 | Reached skill level 26 in Invocations
 36301 | Depths:2 | Got a smelly scale mail
 36428 | Vaults:2 | Bought a scroll of identify for 30 gold pieces
 36428 | Vaults:2 | Identified the -2 hat of the Duchess {*Contam MR+ Str+8}
                  | (You acquired it on level 2 of the Depths)
 36585 | Vaults:2 | Found a staircase to the Crypt.
 36735 | Depths:3 | Reached skill level 15 in Dodging
 36808 | Depths:3 | Noticed a juggernaut
 36821 | Depths:3 | Killed a juggernaut
 37018 | Depths:3 | Noticed Sojobo
 37037 | Depths:3 | Killed Sojobo
 37068 | Depths:3 | Noticed the Enchantress
 37081 | Depths:3 | Reached skill level 15 in Shields
 37100 | Depths:3 | Killed the Enchantress
 37640 | Depths:3 | Identified the +6 scale mail of Egalitarianism {rC+++ MR-
                  | Dex+8 Slay-3} (You found it on level 2 of the Depths)
 37647 | Depths:3 | Got a pitted chain mail
 37941 | Depths:4 | Reached skill level 27 in Invocations
 38168 | Depths:4 | Gained mutation: You regenerate a lot of health from kills.
                  | [demonic ancestry]
 38168 | Depths:4 | Reached XP level 24. HP: 195/195 MP: 40/40
 38566 | Depths:4 | Found Bobuis's Gadget Emporium.
 38750 | Depths:4 | Reached skill level 1 in Evocations
 39229 | Depths:4 | Found the macabre finger necklace {rN+}
 39307 | Depths:4 | Identified the Almanac of Fetching Flames
 39376 | Depths:5 | Entered Level 5 of the Depths
 39511 | Depths:5 | Found a gate to the Realm of Zot.
 39638 | Depths:5 | Found Vuitih's Mayhem Merchandise.
 40360 | Depths:1 | Bought the brooch of Shielding {Reflect SH+8} for 2019 gold
                  | pieces
 40360 | Depths:1 | Found the brooch of Shielding {Reflect SH+8}
 40515 | Crypt:1  | Entered Level 1 of the Crypt
 40562 | Crypt:1  | Reached skill level 5 in Evocations
 40598 | Crypt:1  | Reached XP level 25. HP: 204/204 MP: 40/40
 41009 | Crypt:2  | Reached skill level 15 in Long Blades
 41039 | Crypt:2  | Identified the cursed +1 spear of Dust {flame, rF+}
 41063 | Crypt:2  | Found a transporter.
 41066 | Crypt:2  | Noticed Nar Nywk's ghost (adept GrFi)
 41067 | Crypt:2  | Found a transporter.
 41077 | Crypt:2  | Found the +8 storm bow {elec, penet}
 41100 | Crypt:2  | Killed Nar Nywk's ghost
 41914 | Crypt:3  | Entered Level 3 of the Crypt
 42266 | Crypt:3  | Found a staircase to the Tomb.
 42520 | Crypt:3  | Found a basalt altar of Yredelemnul.
 42534 | Crypt:3  | Noticed an ancient lich
 42546 | Crypt:3  | Killed an ancient lich
 42598 | Crypt:3  | Identified Khufu's Collected Works on Dark Rites
 43519 | Snake:1  | Entered Level 1 of the Snake Pit
 43790 | Snake:1  | Gained mutation: A meltable icy envelope protects you from
                  | harm. (AC +0) [demonic ancestry]
 43790 | Snake:1  | Reached XP level 26. HP: 213/213 MP: 40/40
 43857 | Snake:1  | Noticed Roxanne
 43870 | Snake:1  | Killed Roxanne
 44793 | Snake:1  | Learned a level 2 spell: Blink
 44883 | Snake:2  | Reached skill level 1 in Spellcasting
 44883 | Snake:2  | Reached skill level 1 in Translocations
 45177 | Snake:2  | Found Bevoafar's Magic Scroll Shop.
 45188 | Snake:2  | Bought a scroll of magic mapping for 35 gold pieces
 45188 | Snake:2  | Bought a scroll of identify for 20 gold pieces
 45188 | Snake:2  | Identified the +6 chain mail of the Ten Queens {Dex+3} (You
                  | acquired it on level 3 of the Depths)
 45354 | Snake:2  | Found a bloodstained altar of Trog.
 45961 | Snake:3  | Found the +2 shield of Resistance {rF+ rC+ MR+}
 46397 | Snake:4  | Entered Level 4 of the Snake Pit
 46399 | Snake:4  | Found a runed translucent door.
 46400 | Snake:4  | Found a shimmering altar of Xom.
 46400 | Snake:4  | Noticed Kedeq's ghost (journeyman TrMo)
 46401 | Snake:4  | Found the +6 Majin-Bo {vamp, Archmagi MP+6 Int+6}
 46524 | Snake:4  | Got a serpentine rune of Zot
 46565 | Snake:4  | Identified the +0 helmet "Baalle Oxky" {rN+ Int+2} (You
                  | acquired it on level 4 of the Snake Pit)
 47648 | Vaults:5 | Entered Level 5 of the Vaults
 47651 | Vaults:5 | Noticed Boris
 47652 | Vaults:5 | Reached skill level 5 in Translocations
 47652 | Vaults:5 | Reached skill level 5 in Spellcasting
 47665 | Vaults:5 | Killed Boris
 47670 | Vaults:5 | Identified the +5 short sword of Arual {freeze, MR+ Str-4
                  | Dex+3}
 47674 | Vaults:5 | Noticed Bai Suzhen
 47687 | Vaults:5 | Killed Bai Suzhen
 47690 | Vaults:5 | Gained mutation: You are completely covered in iridescent
                  | scales. (AC +6) [demonic ancestry]
 47690 | Vaults:5 | Reached XP level 27. HP: 222/222 MP: 38/40
 47797 | Vaults:5 | Identified the ring of Yendor {rC+ Dex+3}
 47941 | Vaults:5 | Found Yrghegogo's Magic Scroll Boutique.
 47945 | Vaults:5 | Bought a scroll of teleportation for 30 gold pieces
 47945 | Vaults:5 | Bought a scroll of teleportation for 30 gold pieces
 47945 | Vaults:5 | Bought a scroll of identify for 20 gold pieces
 47945 | Vaults:5 | Bought 3 scrolls of teleportation for 90 gold pieces
 47945 | Vaults:5 | Bought a scroll of identify for 20 gold pieces
 47983 | Vaults:5 | Found Kiloun Jeext's Food Boutique.
 48002 | Vaults:5 | Found Qaqaq's Distillery.
 48072 | Vaults:5 | Got a silver rune of Zot
 48086 | Vaults:5 | Noticed Xtahua
 48099 | Vaults:5 | Killed Xtahua
 48149 | Vaults:5 | Identified the +2 robe of Polish {rC+ Int+5} (You found it
                  | on level 5 of the Vaults)
 48290 | Vaults:5 | Found the +8 arc blade {discharge, rElec}
 48337 | Vaults:5 | Found the ring of Shadows {Umbra +Inv Stlth+}
 48437 | Vaults:5 | Identified Qasore Eqy's Arcane Secrets of Magic
 48899 | Vaults:5 | Learned a level 2 spell: Song of Slaying
 48903 | Vaults:5 | Learned a level 3 spell: Regeneration
 48912 | Vaults:5 | Learned a level 8 spell: Controlled Blink
 49071 | Pan      | Entered Pandemonium
 49097 | Pan      | Reached skill level 1 in Charms
 49577 | Depths:2 | Escaped Pandemonium
 49913 | Snake:3  | Learned a level 3 spell: Lesser Beckoning
 50223 | Orc:2    | Bought a ration for 55 gold pieces
 50223 | Orc:2    | Bought a ration for 55 gold pieces
 50223 | Orc:2    | Bought a ration for 55 gold pieces
 50223 | Orc:2    | Bought a ration for 55 gold pieces
 50223 | Orc:2    | Bought a ration for 55 gold pieces
 50223 | Orc:2    | Bought a ration for 55 gold pieces
 50223 | Orc:2    | Bought a ration for 55 gold pieces
 50223 | Orc:2    | Bought a ration for 55 gold pieces
 50223 | Orc:2    | Bought a ration for 55 gold pieces
 50223 | Orc:2    | Bought a ration for 55 gold pieces
 50223 | Orc:2    | Bought a ration for 55 gold pieces
 50258 | Pan      | Entered Pandemonium
 50275 | Pan      | Gained mutation: Scrolls take you a little longer to read.
                  | [a cacodemon]
 50428 | Pan      | Noticed Xuibecrafri the pandemonium lord
 50499 | Pan      | Noticed Agocw the pandemonium lord
 50515 | Pan      | Killed Agocw the pandemonium lord
 50515 | Pan      | Reached skill level 5 in Charms
 50536 | Pan      | Got a demonic rune of Zot
 50895 | Pan      | Reached skill level 10 in Translocations
 51006 | Pan      | Noticed Qyesmio the pandemonium lord
 51027 | Pan      | Killed Qyesmio the pandemonium lord
 51664 | Pan      | Gained mutation: Your body sometimes deteriorates upon
                  | taking damage. [a neqoxec]
 51703 | Pan      | Noticed Enuoleymen the pandemonium lord
 51724 | Pan      | Killed Enuoleymen the pandemonium lord
 51975 | Pan      | Gained mutation: Your magical capacity is low. (-10% MP) [a
                  | cacodemon]
 52339 | Pan      | Noticed Xocyellu the pandemonium lord
 52361 | Pan      | Killed Xocyellu the pandemonium lord
 52418 | Pan      | Entered the realm of Mnoleg.
 52419 | Pan      | Gained mutation: Your spells are a little easier to cast,
                  | but a little less powerful. [a neqoxec]
 52422 | Pan      | Gained mutation: Armour fits poorly on your strangely
                  | shaped body. [a neqoxec]
 52428 | Pan      | Gained mutation: Potions are less effective at restoring
                  | your health. [a neqoxec]
 52431 | Pan      | Noticed Mnoleg
 52493 | Pan      | Killed Mnoleg
 52496 | Pan      | Gained mutation: You are very weak. (Str -4) [a shining
                  | eye]
 52500 | Pan      | Gained mutation: Your body often deteriorates upon taking
                  | damage. [a shining eye]
 52501 | Pan      | Gained mutation: You are dopey. (Int -2) [a shining eye]
 52518 | Pan      | Gained mutation: You are clumsy. (Dex -2) [a cacodemon]
 52568 | Pan      | Learned a level 6 spell: Dispersal
 52635 | Pan      | Got a glowing rune of Zot
 52744 | Pan      | Gained mutation: Scrolls take you longer to read. [a
                  | cacodemon]
 52745 | Pan      | Lost mutation: Your body often deteriorates upon taking
                  | damage. [a cacodemon]
 52754 | Pan      | Lost mutation: Your magical capacity is low. (-10% MP)
                  | [potion of mutation]
 52754 | Pan      | Lost mutation: You are clumsy. (Dex -2) [potion of
                  | mutation]
 52754 | Pan      | Lost mutation: Scrolls take you longer to read. [potion of
                  | mutation]
 52754 | Pan      | Gained mutation: You evolve. [potion of mutation]
 52755 | Pan      | Lost mutation: Armour fits poorly on your strangely shaped
                  | body. [potion of mutation]
 52755 | Pan      | Lost mutation: You are very weak. (Str -4) [potion of
                  | mutation]
 52755 | Pan      | Lost mutation: You evolve. [potion of mutation]
 52755 | Pan      | Lost mutation: Scrolls take you a little longer to read.
                  | [potion of mutation]
 52755 | Pan      | Gained mutation: Your system is resistant to poisons.
                  | (rPois) [potion of mutation]
 52755 | Pan      | Gained mutation: You have a pair of small horns on your
                  | head. [potion of mutation]
 52756 | Pan      | Lost mutation: You occasionally shout uncontrollably at
                  | your foes. [potion of mutation]
 52756 | Pan      | Lost mutation: Your spells are a little easier to cast, but
                  | a little less powerful. [potion of mutation]
 52756 | Pan      | Lost mutation: Your body sometimes deteriorates upon taking
                  | damage. [potion of mutation]
 52756 | Pan      | Lost mutation: You have a pair of small horns on your head.
                  | [potion of mutation]
 52756 | Pan      | Gained mutation: You have a pair of small horns on your
                  | head. [potion of mutation]
 52756 | Pan      | Gained mutation: You are very weak. (Str -4) [potion of
                  | mutation]
 52756 | Pan      | Lost mutation: You are very weak. (Str -4) [potion of
                  | mutation]
 52756 | Pan      | Gained mutation: Your flesh is heat resistant. (rF+)
                  | [potion of mutation]
 52760 | Pan      | Entered the realm of Cerebov.
 53124 | Pan      | Identified the ring of Zoops {Wiz rF+}
 53220 | Pan      | Lost mutation: You are weak. (Str -2) [potion of mutation]
 53220 | Pan      | Lost mutation: Potions are less effective at restoring your
                  | health. [potion of mutation]
 53220 | Pan      | Lost mutation: You have a pair of small horns on your head.
                  | [potion of mutation]
 53220 | Pan      | Lost mutation: You are dopey. (Int -2) [potion of mutation]
 53220 | Pan      | Gained mutation: You possess an exceptional clarity of
                  | mind. [potion of mutation]
 53220 | Pan      | Gained mutation: You are clumsy. (Dex -2) [potion of
                  | mutation]
 53220 | Pan      | Lost mutation: You are clumsy. (Dex -2) [potion of
                  | mutation]
 53252 | Pan      | Identified the +6 sword of Cerebov {flame}
 53252 | Pan      | Noticed Cerebov
 53286 | Pan      | Killed Cerebov
 53286 | Pan      | Reached skill level 15 in Translocations
 53302 | Pan      | Identified the cursed +0 chain mail of Leapfrog {Regen+
                  | Int+3} (You found it in Pandemonium)
 53304 | Pan      | Identified the cursed +1 falchion "Zeuhynoa" {freeze,
                  | Str+7} (You found it in Pandemonium)
 53364 | Pan      | Got a fiery rune of Zot
 53516 | Pan      | Identified the +1 cloak "Ythum" {+Fly rCorr Stlth+} (You
                  | found it in Pandemonium)
 53528 | Pan      | Identified the Collected Works on Earth
 53602 | Pan      | Identified the +8 long sword "Ogreslayer" {venom, Str+3
                  | Dex+4 SInv} (You found it in Pandemonium)
 53702 | Pan      | Reached skill level 1 in Necromancy
 53757 | Pan      | Noticed Ecza Vath the pandemonium lord
 53768 | Pan      | Killed Ecza Vath the pandemonium lord
 53772 | Pan      | Gained mutation: You expend magic power (3 MP) to
                  | strengthen your wands. [a cacodemon]
 53845 | Pan      | Entered the realm of Lom Lobon.
 53957 | Pan      | Found an exit through the horrors of the Abyss.
 54288 | Pan      | Noticed Lom Lobon
 54341 | Pan      | Killed Lom Lobon
 54341 | Pan      | Reached skill level 5 in Necromancy
 54350 | Pan      | Got a magical rune of Zot
 54981 | Pan      | Found an exit through the horrors of the Abyss.
 55039 | Pan      | Entered the realm of Gloorx Vloq.
 55201 | Pan      | Found an exit through the horrors of the Abyss.
 55413 | Pan      | Noticed Gloorx Vloq
 55424 | Pan      | Killed Gloorx Vloq
 55443 | Pan      | Got a dark rune of Zot
 55666 | Orc:2    | Escaped Pandemonium
 55926 | Slime:1  | Entered Level 1 of the Pits of Slime
 55961 | Slime:2  | Reached skill level 10 in Spellcasting
 56035 | Slime:4  | Gained mutation: You have a pair of small horns on your
                  | head. [a shining eye]
 56038 | Slime:4  | Gained mutation: You are clumsy. (Dex -2) [a shining eye]
 56054 | Slime:5  | Entered Level 5 of the Pits of Slime
 56060 | Slime:5  | Noticed the Royal Jelly
 56075 | Slime:5  | Killed the Royal Jelly
 56182 | Slime:5  | Got a slimy rune of Zot
 56198 | Slime:5  | Got a steaming steel ring
 56199 | Slime:5  | Identified the ring "Hurch" {Ice Str+6 Int-4 Dex+3 Stlth+}
                  | (You found it on level 5 of the Pits of Slime)
 56251 | Slime:5  | Got a scorched lead ring
 56252 | Slime:5  | Identified the ring of Xom's Hope {Str+2 Stlth+} (You found
                  | it on level 5 of the Pits of Slime)
 56256 | Slime:5  | Got a crude jade amulet
 56257 | Slime:5  | Identified the amulet "Woqiux Duq" {Gourm Int+3} (You found
                  | it on level 5 of the Pits of Slime)
 56903 | Tomb:1   | Entered Level 1 of the Tomb of the Ancients
 57098 | Tomb:1   | Noticed a greater mummy
 57105 | Tomb:1   | Noticed a greater mummy
 57106 | Tomb:1   | Reached skill level 10 in Necromancy
 57107 | Tomb:1   | Noticed a greater mummy
 57114 | Tomb:1   | Killed a greater mummy
 57116 | Tomb:1   | Killed a greater mummy
 57122 | Tomb:1   | Killed a greater mummy
 57266 | Tomb:1   | Noticed a greater mummy
 57278 | Tomb:1   | Killed a greater mummy
 57631 | Tomb:2   | Noticed a greater mummy
 57631 | Tomb:2   | Noticed a greater mummy
 57631 | Tomb:2   | Noticed a greater mummy
 57631 | Tomb:2   | Noticed an ancient lich
 57637 | Tomb:2   | Killed an ancient lich
 57641 | Tomb:2   | Killed a greater mummy
 57642 | Tomb:2   | Killed a greater mummy
 57646 | Tomb:2   | Killed a greater mummy
 57997 | Tomb:1   | Noticed a greater mummy
 58006 | Tomb:1   | Noticed a greater mummy
 58012 | Tomb:1   | Killed a greater mummy
 58014 | Tomb:1   | Noticed a greater mummy
 58017 | Tomb:1   | Noticed a greater mummy
 58022 | Tomb:1   | HP: 10/231 [??? (4)]
 58024 | Tomb:1   | Noticed a greater mummy
 58025 | Tomb:1   | Killed a greater mummy
 58027 | Tomb:1   | Killed a greater mummy
 58027 | Tomb:1   | Noticed a greater mummy
 58031 | Tomb:1   | Killed a greater mummy
 58033 | Tomb:1   | Killed a greater mummy
 58033 | Tomb:1   | Killed a greater mummy
 58033 | Tomb:1   | Killed by a greater mummy's death curse

Levels and vault maps discovered:
D:1:      wander_arrival_chamber, layout_basic, lemuel_flame_loot_1
D:2:      layout_loops_ring, nicolae_overflow_hidden_temple
D:3:      layout_rooms, first_ration
D:4:      layout_rooms, grunt_temple_overflow_diamond, temple_statues
D:5:      old_forge, layout_loops_cross, lemuel_doored_altar,
          lightli_sewer_entry_pipes, uniq_prince_ribbit1
D:6:      layout_basic, kennysheep_mini_moat, old_standard_altar, uniq_duvessa
D:7:      layout_rooms, minmay_misc_feat_rows
D:8:      layout_rooms, nicolae_tso_besieged_by_evil,
          due_lair_maze_entry_diamond
D:9:      layout_stronghold
D:10:     layout_basic, orc_0_dummy
D:11:     layout_long_grid
D:12:     layout_basic
D:13:     minmay_the_grid_octo_2x2 [minmay_the_grid_octo_concentric,
          minmay_the_grid_octo_tetromino_candy, minmay_the_grid_octo_horde,
          minmay_the_grid_octo_prize_big_c], layout_loops_cross, david_vaults_3
D:14:     minmay_quarter_circles, layout_loops_ring,
          nicolae_gozag_zags_fifth_avenue, nicolae_trove_entry_crossroad,
          hangedman_ranch [blue_anna_fruit_fields]
D:15:     gammafunk_depths_entry_grave, layout_long_grid,
          nicolae_ru_awakened_eye, columned_hall_lemuel, minivault_4, uniq_kirke
Temple:   nicolae_temple_great_sept
Lair:1:   layout_layer_cave, uniq_nergalle
Lair:2:   layout_gridlike, palyth_hydra_swamp_entry, basic_altar
Lair:3:   layout_loops_ring, guppyfry_snake_entry_island
Lair:4:   layout_gridlike, maelrawn_ghost_gauntlet_escape, lemuel_another_geyser
Lair:5:   layout_hall_layers, minmay_slime_entry_eyes, dpeg_stationary_puzzle
Lair:6:   evilmike_catoblepas_cave, layout_hall_layers, enter_volcano_4,
          kennysheep_abandoned_house
Swamp:1:  layout_basic_swamp, evilmike_swamp_ruin_rubble_2
Swamp:2:  layout_basic_swamp, nicolae_swamp_triple_paths, uniq_louise
Swamp:3:  layout_basic_swamp, serial_swamp_ruin, hangedman_swamp_ruin_hall,
          evilmike_swamp_ruin_house_3
Swamp:4:  swamp_basic_johnstein, layout_basic_swamp, swamp_pool5, uniq_donald,
          uniq_mara
Snake:1:  layout_layer_cave, grunt_megastairs_2, uniq_roxanne
Snake:2:  layout_misc_corridors, basic_altar, serial_shops, shop, drop_trap
Snake:3:  layout_honeycomb
Snake:4:  snake_pit, layout_misc_corridors, ebering_ghost_xom
Slime:1:  nicolae_slime_jelly_donut, layout_caves, basic_altar
Slime:2:  layout_caves
Slime:3:  layout_caves
Slime:4:  layout_caves
Slime:5
Orc:1:    layout_diamond_mine
Orc:2:    pf_orc_diabolical, layout_diamond_mine, serial_shops,
          nicolae_shop_trees, portal_ice_cave_rime, gauntlet_entry_generic
Elf:1:    minmay_elf_arrival_plus, layout_loops_corners, serial_shops, shop,
          minmay_elf_annihilation, uniq_azrael
Elf:2:    layout_gridlike, grunt_ministairs_11, drop_trap
Elf:3:    minmay_elf_hall_curves, layout_geoelf_grid, serial_glass,
          glass_columns_b, glass_columns_a, serial_shops, shop, minivault_16
Vaults:1: nicolae_vaults_stairing_the_circle, hangedman_vaults_locks, v_misc_33,
          vaults_room_ringed_pool, nicolae_vaults_big_angled_halls,
          ontoclasm_vaults_bender, nicolae_vaults_little_ls,
          hangedman_vaults_nodes, hangedman_vaults_restitches,
          nicolae_vaults_ring_of_whatevers, hangedman_vaults_maws,
          layout_vaults_omnibox, serial_shops, bzr_firewalk
Vaults:2: v_misc_28, v_misc_19, vaults_room_fours,
          minmay_crypt_entry_skeletal_spiral, ontoclasm_vaults_spin, v_misc_11,
          nicolae_vaults_network_periphery, v_misc_8,
          nicolae_vaults_puzzle_piece, ontoclasm_vaults_shout,
          nicolae_vaults_angled_halls, layout_vaults_maze, serial_shops,
          nicolae_shop_window_shopping, uniq_nikola
Vaults:3: v_misc_33, vaults_dpeg_diagonal, v_misc_4, grunt_vaults_funnel,
          hangedman_vaults_impose, layout_vaults_omnigrid,
          lightli_enter_wizlab_magi_temple, serial_shops, shop_statue
Vaults:4: ontoclasm_vaults_loading_screen, v_misc_4,
          vaults_mumra_minichess_inversion, grunt_vaults_hallway_long,
          vaults_room_stairs_pillars, st_eye, hangedman_vaults_stitches,
          v_pattern_2, nicolae_vaults_alarming, v_alt_pattern_3,
          hangedman_vaults_corner_blocks, v_misc_14, vaults_room_corners,
          layout_vaults_ring, serial_shops, shop, uniq_margery, uniq_jory
Vaults:5: uniq_xtahua, uniq_bai_suzhen, uniq_boris
Crypt:1:  layout_rooms, grunt_ministairs_10, grunt_crypt_arrival_split
Crypt:2:  layout_basic, gammafunk_ghost_arena, hex_intersection
Crypt:3:  church_of_pain_bobbens, layout_chaotic_city, st_vampire_maze
Tomb:1:   uniq_khufu
Tomb:2
Depths:1: layout_honeycomb, pf_hell_entry_tar_river, nicolae_wwwww,
          abyss_entry_crystal, kennysheep_small_square, minmay_shop_grove,
          uniq_aizul, uniq_saint_roka
Depths:2: evilmike_diamond_2, layout_small_grid, ziggurat_fallback,
          grunt_hell_entry_dis_mu, grunt_pan_entry_zigzag,
          kennysheep_decorative_pillar, minmay_pinched_square
Depths:3: minmay_crescents, layout_basic, hell_entry, rand_demon_pan_entry_5,
          chequers_serial_rivers_marsh, grunt_decor_one_mirror,
          hangedman_cracks_in_the_wall, minmay_staircase_bubble, uniq_sojobo,
          uniq_enchantress
Depths:4: gold_lair_mu, layout_gridlike, serial_shops, nicolae_shop_crystal,
          hangedman_abyss_entry_splay, hell_entry,
          hangedman_abyss_or_decor_lesser_grid, roderic_serpentine_path,
          minmay_misc_feat_ornament, kennysheep_generic_room_13
Depths:5: grunt_zot_entry_tricorne, layout_gridlike, serial_curves,
          eino_curves_04, eino_curves_03, lightli_too_deep,
          chequers_serial_rivers_marsh, minmay_shop_mayhem

Skill      XL: |  1  2  3  4  5  6  7  8  9 10 11 12 13 14 15 16 17 18 19 20 21 22 23 24 25 26 27 |
---------------+----------------------------------------------------------------------------------+-----
Axes           | 3 4 5 6 |  6.7
Invocations    | 2 4 5 7 9 11 12 14 15 17 18 19 21 22 23 24 25 27 | 27.0
Dodging        | 3 4 5 6 7 8 9 10 11 12 13 14 15 16 17 20 | 20.7
Fighting       | 3 5 6 7 9 10 11 12 13 14 15 16 17 18 19 22 | 22.3
Long Blades    | 2 4 7 8 9 10 11 12 13 14 15 16 | 16.6
Armour         | 4 8 10 12 13 14 15 17 18 19 | 19.7
Shields        | 6 9 11 13 14 15 | 15.0
Evocations     | 5 8 |  8.9
Spellcasting   | 6 11 | 11.8
Translocations | 6 17 | 17.8
Charms         | 7 |  7.4
Necromancy     | 11 | 11.3
Throwing       | |  1.7

Action                   |  1- 3 |  4- 6 |  7- 9 | 10-12 | 13-15 | 16-18 | 19-21 | 22-24 | 25-27 || total
-------------------------+-------+-------+-------+-------+-------+-------+-------+-------+-------++-------
Melee: War axe           |   102 |   138 |       |       |       |       |       |       |       ||   240
       Hand axe          |       |    32 |    61 |       |       |       |       |       |       ||    93
       Kick              |       |    15 |    51 |    95 |   149 |   371 |   407 |   674 |  1478 ||  3240
       Double sword      |       |       |   150 |   320 |   577 |   942 |   982 |  1221 |  2803 ||  6995
       Headbutt          |       |       |       |       |       |       |       |       |   125 ||   125
Throw: Throwing net      |       |     1 |       |       |       |       |       |       |       ||     1
 Cast: Song of Slaying   |       |       |       |       |       |       |       |       |     7 ||     7
Invok: Upheaval          |       |       |     1 |     5 |    23 |    31 |     9 |     2 |    32 ||   103
       Disaster Area     |       |       |       |       |       |     1 |       |       |     2 ||     3
Evoke: Wand              |       |       |       |    10 |     9 |    27 |       |       |       ||    46
  Use: Potion            |       |       |     2 |       |       |       |       |     3 |    14 ||    19
       Scroll            |       |       |    12 |     7 |    11 |     9 |    18 |     9 |    23 ||    89
 Stab: Sleeping          |       |     3 |       |       |       |       |       |       |       ||     3
       Held in net/web   |       |     1 |       |       |       |       |       |       |       ||     1
       Confused          |       |       |       |       |       |     1 |       |     1 |       ||     2
       Distracted        |       |       |       |       |       |       |       |       |     1 ||     1
  Eat: Chunk             |       |     9 |    11 |    17 |    18 |    17 |    10 |    11 |     5 ||    98
       Ration            |       |       |       |     1 |     1 |     3 |     3 |     5 |    17 ||    30
Armor: Leather armour    |    31 |    50 |    43 |    97 |   120 |    16 |       |       |       ||   357
       Skin              |       |       |    10 |       |       |       |       |       |       ||    10
       Chain mail        |       |       |       |       |       |   190 |   249 |   193 |       ||   632
       Swamp dragon scal |       |       |       |       |       |   121 |       |       |       ||   121
       Acid dragon scale |       |       |       |       |       |       |       |    54 |   424 ||   478
Dodge: Dodged            |    87 |   132 |   138 |   207 |   408 |   487 |   380 |   454 |  1147 ||  3440
       Deflected         |       |       |       |     4 |    24 |    33 |    37 |    19 |    65 ||   182
Block: Other             |       |       |    14 |    71 |   167 |   115 |       |       |       ||   367
       Shield            |       |       |       |       |       |   561 |   901 |  1028 |  3421 ||  5911
       Reflection        |       |       |       |       |       |       |       |       |   181 ||   181
       Rpst.: Double sword |       |       |    33 |    41 |    84 |    85 |    86 |    82 |   160 ||   571

Table legend:
 A = Non-vault XP
 B = Vault XP
 C = Vault XP percentage of total XP
 D = Non-vault monster count
 E = Vault monster count
 F = Vault count percentage of total count
                 A         B        C        D         E       F
            +---------+---------+-------+---------+---------+-------
      Total | 1104118 | 1206095 |  52.2 |    2072 |    1297 |  38.5
            +---------+---------+-------+---------+---------+-------
        D:1 |      33 |       0 |   0.0 |      16 |       0 |   0.0
        D:2 |     137 |       0 |   0.0 |      33 |       0 |   0.0
        D:3 |     200 |       0 |   0.0 |      26 |       0 |   0.0
        D:4 |     374 |       0 |   0.0 |      16 |       0 |   0.0
        D:5 |     369 |     612 |  62.4 |      11 |      19 |  63.3
        D:6 |    1026 |     223 |  17.9 |      26 |       2 |   7.1
        D:7 |    1076 |       0 |   0.0 |      22 |       0 |   0.0
        D:8 |    1656 |    1233 |  42.7 |      15 |      24 |  61.5
        D:9 |    2696 |       0 |   0.0 |      24 |       0 |   0.0
       D:10 |    2216 |       0 |   0.0 |      24 |       0 |   0.0
       D:11 |    5522 |       0 |   0.0 |      32 |       0 |   0.0
       D:12 |    5373 |       0 |   0.0 |      36 |       0 |   0.0
       D:13 |    9691 |   14054 |  59.2 |      33 |      33 |  50.0
       D:14 |   10842 |   15246 |  58.4 |      31 |      41 |  56.9
       D:15 |   16802 |    7780 |  31.6 |      45 |      13 |  22.4
     Lair:1 |    3463 |     796 |  18.7 |      14 |       1 |   6.7
     Lair:2 |    1940 |    2178 |  52.9 |       8 |       5 |  38.5
     Lair:3 |    7130 |     157 |   2.2 |      37 |       1 |   2.6
     Lair:4 |    8195 |       0 |   0.0 |      30 |       0 |   0.0
     Lair:5 |    4685 |     677 |  12.6 |      14 |       4 |  22.2
     Lair:6 |   12681 |   10643 |  45.6 |      35 |      40 |  53.3
    Swamp:1 |   16791 |       0 |   0.0 |      38 |       0 |   0.0
    Swamp:2 |   12656 |       0 |   0.0 |      31 |       0 |   0.0
    Swamp:3 |   19645 |       0 |   0.0 |      49 |       0 |   0.0
    Swamp:4 |   18440 |   33989 |  64.8 |      38 |      38 |  50.0
    Snake:1 |   17324 |    3914 |  18.4 |      29 |       5 |  14.7
    Snake:2 |   28652 |       0 |   0.0 |      59 |       0 |   0.0
    Snake:3 |    9615 |       0 |   0.0 |      22 |       0 |   0.0
    Snake:4 |   15453 |   32075 |  67.5 |      29 |      46 |  61.3
    Slime:1 |    1948 |       0 |   0.0 |       1 |       0 |   0.0
    Slime:2 |   14665 |       0 |   0.0 |      21 |       0 |   0.0
    Slime:3 |    6349 |       0 |   0.0 |       8 |       0 |   0.0
    Slime:4 |   10110 |       0 |   0.0 |      24 |       0 |   0.0
    Slime:5 |   11766 |   31595 |  72.9 |      18 |      13 |  41.9
      Orc:1 |    1456 |       0 |   0.0 |      20 |       0 |   0.0
      Orc:2 |    2564 |   16988 |  86.9 |      37 |      68 |  64.8
      Elf:1 |   16638 |    9284 |  35.8 |      26 |      17 |  39.5
      Elf:2 |   25222 |   21220 |  45.7 |      35 |      28 |  44.4
      Elf:3 |   28285 |   45980 |  61.9 |      45 |      32 |  41.6
   Vaults:1 |   19195 |   14679 |  43.3 |      36 |      30 |  45.5
   Vaults:2 |   24685 |   41536 |  62.7 |      50 |      52 |  51.0
   Vaults:3 |   47166 |    5531 |  10.5 |      76 |      12 |  13.6
   Vaults:4 |   44021 |   67669 |  60.6 |      79 |      64 |  44.8
   Vaults:5 |    9895 |  139859 |  93.4 |      17 |      95 |  84.8
    Crypt:1 |   33492 |    2816 |   7.8 |      56 |       5 |   8.2
    Crypt:2 |   40542 |   12761 |  23.9 |      53 |       9 |  14.5
    Crypt:3 |   17697 |   77889 |  81.5 |      29 |      84 |  74.3
     Tomb:1 |   15975 |   94503 |  85.5 |      32 |      48 |  60.0
     Tomb:2 |    2418 |   47897 |  95.2 |       7 |      44 |  86.3
   Depths:1 |   46965 |   11905 |  20.2 |      61 |      17 |  21.8
   Depths:2 |   40260 |   55995 |  58.2 |      42 |      55 |  56.7
   Depths:3 |   38596 |   54997 |  58.8 |      48 |      40 |  45.5
   Depths:4 |   70334 |   22805 |  24.5 |      67 |      19 |  22.1
   Depths:5 |   31061 |   28347 |  47.7 |      35 |      18 |  34.0
        Pan |  268130 |  244908 |  47.7 |     326 |     190 |  36.8
      Sewer |       0 |     424 | 100.0 |       0 |      28 | 100.0
    Volcano |       0 |    4435 | 100.0 |       0 |      19 | 100.0
     WizLab |       0 |   23549 | 100.0 |       0 |      31 | 100.0
   Gauntlet |       0 |    4946 | 100.0 |       0 |       7 | 100.0
            +---------+---------+-------+---------+---------+-------
